 Dungeon Crawl Stone Soup version 0.21-a0-81-gc5150db (webtiles) character file.

621787 westexas the Slayer (level 27, -2/203 HPs)
             Began as a Gargoyle Fighter on June 24, 2017.
             Was a High Priest of Okawaru.
             Slain by an Orb Guardian (18 damage)
             ... on level 5 of the Realm of Zot on Oct 14, 2017.
             The game lasted 1 day 23:03:31 (63880 turns).

westexas the Slayer (Gargoyle Fighter)         Turns: 63880, Time: 1 , 23:03:31

Health: -2/203     AC: 50    Str: 34    XL:     27
Magic:  29/29      EV: 22    Int: 15    God:    Okawaru [*****.]
Gold:   6946       SH:  0    Dex: 23    Spells: 26/26 levels left

rFire    + + +     SeeInvis .   b - +4 broad axe of Brutal Revenge {flame, +Inv Str+6 Dex+3}
rCold    + + +     Gourm    .   H - +3 shield "Nausung" {+Inv rF+ Slay+3}
rNeg     + + .     Faith    .   Q - +8 chain mail of the Doldrums {rPois rF+ rC+}
rPois    ∞         Spirit   .   k - -2 hat of the Alchemist {rElec rPois rF+ rC+ rN+ MR+ rMut rCorr}
rElec    +         Reflect  .   P - +1 cloak of Starlight {rElec rC+ EV+4 Stlth--}
rCorr    +         Harm     .   v - +2 pair of gloves {Dex+3}
rMut     +         Rnd*Rage +   K - +0 pair of boots {run}
MR       +++..     Rnd*Tele +   J - amulet of Vitality {Regen+ HP+15}
Stlth    ..........             y - ring "Kajusixt" {*Tele Int+5 Dex+4}
HPRegen  0.83/turn              G - ring of Shadows {Umbra +Inv Stlth+}
MPRegen  0.21/turn

@: confused, flying, wreathed by umbra, quick
A: big wings, molten scales 1, berserk 1, blurry vision 1, negative energy
resistance 1, electricity resistance, unbreathing, petrification resistance, rot
immunity, AC +20
}: 3/15 runes: decaying, silver, gossamer
a: Stop Flying, Heroism, Finesse, Renounce Religion, Evoke Invisibility


You were on level 5 of the Realm of Zot.
You worshipped Okawaru.
Okawaru was extremely pleased with you.
You were not hungry.

You visited 10 branches of the dungeon, and saw 50 of its levels.
You visited the Abyss 1 time.

You collected 7012 gold pieces.
You spent 66 gold pieces at shops.

Inventory:

Hand Weapons
 a - the +6 eveningstar of Owne {freeze, -Tele MR++ MP+9 Stlth+}
   (Okawaru gifted it to you on level 1 of the Elven Halls)

   It has been specially enchanted to freeze those struck by it, causing extra
   injury to most foes and up to half again as much damage against particularly
   susceptible opponents.
   It can also slow down cold-blooded creatures.
   It affects your resistance to hostile enchantments.
   It affects your magic capacity (+9).
   It prevents most forms of teleportation.
   It makes you more stealthy.
 b - the +4 broad axe of Brutal Revenge (weapon) {flame, +Inv Str+6 Dex+3}
   (You found it on level 4 of the Spider Nest)

   It has been specially enchanted to burn those struck by it, causing extra
   injury to most foes and up to half again as much damage against particularly
   susceptible opponents.
   Big, fiery blades are also staple armaments of hydra-hunters.
   It affects your strength (+6).
   It affects your dexterity (+3).
   It lets you turn invisible.
 c - a +3 hand crossbow of flaming
Missiles
 o - 2118 bolts
Armour
 k - the -2 hat of the Alchemist (worn) {rElec rPois rF+ rC+ rN+ MR+ rMut rCorr}
   (Okawaru gifted it to you on level 4 of the Realm of Zot)

   It protects you from fire.
   It protects you from cold.
   It insulates you from electricity.
   It protects you from poison.
   It protects you from negative energy.
   It affects your resistance to hostile enchantments.
   It protects you from acid and corrosion.
   It protects you from mutation.
 v - a +2 pair of gloves of dexterity (worn)
 H - the +3 shield "Nausung" (worn) {+Inv rF+ Slay+3}
   (Okawaru gifted it to you on level 1 of the Spider Nest)

   It affects your accuracy and damage with ranged weapons and melee attacks
   (+3).
   It protects you from fire.
   It lets you turn invisible.
 K - a +0 pair of boots of running (worn)
 P - the +1 cloak of Starlight (worn) {rElec rC+ EV+4 Stlth--}
   (You found it on level 6 of the Dungeon)

   It affects your evasion (+4).
   It protects you from cold.
   It insulates you from electricity.
   It makes you much less stealthy.
 Q - the +8 chain mail of the Doldrums (worn) {rPois rF+ rC+}
   (Okawaru gifted it to you on level 1 of the Lair of Beasts)

   It protects you from fire.
   It protects you from cold.
   It protects you from poison.
Jewellery
 y - the ring "Kajusixt" (left hand) {*Tele Int+5 Dex+4}
   (You took it off an ironheart preserver on level 4 of the Vaults)

   [ring of teleportation]

   It may teleport you next to monsters.
   It affects your intelligence (+5).
   It affects your dexterity (+4).
 G - the ring of Shadows (right hand) {Umbra +Inv Stlth+}
   (You took it off a deep elf death mage on level 3 of the Elven Halls)

   [ring of stealth]

   It lets you turn invisible.
   It makes you more stealthy.
 J - the amulet of Vitality (around neck) {Regen+ HP+15}
   (You found it on level 5 of the Lair of Beasts)

   [amulet of regeneration]

   It affects your health (+15).
   It increases your rate of regeneration.
 O - the amulet of the Four Winds {rN+ MR+++ Clar}
   (You found it on level 1 of the Spider Nest)

   [amulet of nothing]

   It protects you from negative energy.
   It affects your resistance to hostile enchantments.
   It protects you against confusion.
Wands
 e - a wand of enslavement (10/24)
 j - a wand of acid (10/15)
 n - a wand of iceblast (7/15)
 r - a wand of polymorph (11/24)
 t - a wand of scattershot (4/9)
 D - a wand of lightning (7/15)
 L - a wand of clouds (1/9)
 N - a wand of iceblast (7/15)
 U - a wand of flame (35/48)
 Y - a wand of disintegration (10/24)
Scrolls
 i - 24 scrolls of identify
 q - 25 scrolls of remove curse
 x - 9 scrolls of enchant armour
 z - 6 scrolls of teleportation
 I - 7 scrolls of brand weapon
 R - 3 scrolls of fear
 S - a scroll of silence
 T - a scroll of holy word
 W - 4 scrolls of recharging
 X - a scroll of summoning
Potions
 d - 4 potions of might
 h - 4 potions of haste
 s - 5 potions of agility
 u - 2 potions of ambrosia
 w - 3 potions of cancellation
 A - 3 potions of resistance
 B - 4 potions of invisibility
 C - 3 potions of berserk rage
 E - 7 potions of curing
 F - 12 potions of brilliance
Miscellaneous
 m - a lightning rod (4/4)
 p - a sack of spiders
 M - a lamp of fire
Comestibles
 f - 27 bread rations
 g - 36 royal jellies
 l - 23 meat rations


   Skills:
 + Level 23.6 Fighting
 + Level 18.8(21.7) Axes
 + Level 20.9(23.6) Maces & Flails
 + Level 16.4 Crossbows
 + Level 1.5 Throwing
 + Level 15.7 Armour
 + Level 9.6 Dodging
 + Level 4.8 Stealth
 + Level 20.1 Shields
 + Level 8.0 Invocations
 + Level 8.9 Evocations


You had 26 spell levels left.
You didn't know any spells.

Dungeon Overview and Level Annotations

Branches:
Dungeon (15/15)            Temple (1/1) D:5            Lair (6/6) D:9
  Swamp (4/4) Lair:4       Spider (4/4) Lair:3        Slime (0/5) Lair:6
    Orc (2/2) D:10            Elf (3/3) Orc:2        Vaults (5/5) D:14
  Crypt (0/3) Vaults:2     Depths (5/5) D:15            Zot (5/5) Depths:5

Altars:
Ashenzari
Cheibriados
Dithmenos
Elyvilon
Fedhas
Gozag
Hepliaklqana
Kikubaaqudgha
Makhleb
Nemelex Xobeh
Okawaru
Qazlal
Ru
Sif Muna
Trog
Uskayaw
Vehumet
Wu Jian
Xom
Yredelemnul
Zin
The Shining One
Beogh
Lugonu

Shops:
D:7 *   Orc:2 !!}(   Vaults:4 *

Portals:
Hell: Depths:1 Depths:2 Depths:3 Depths:5
Abyss: Depths:1 Depths:5
Pandemonium: Depths:3
Ziggurat: Depths:2
Trove: D:13 (give +3 shadow dragon scales)

Annotations:
Lair:4 exclusion: 2 oklob plants
Spider:3 Mara
Depths:5 4 runed doors


Innate Abilities, Weirdness & Mutations

You are resistant to torment.
Your stone body is resilient. (AC +20)
You are immune to poison.
Your large and strong wings let you fly indefinitely.
You resist negative energy. (rN+)
You are resistant to electric shocks. (rElec)
You can survive without breathing.
You are immune to petrification.
You are immune to rotting.
You are partially covered in molten scales. (AC +2)
You tend to lose your temper in combat.
Scrolls take you a little longer to read.


Message History

The yellow draconian stormcaller barely misses you.
The Orb Guardian hits you.
* * * LOW HITPOINT WARNING * * *
A Killer Klown comes into view.
Unknown command.
You hear a distant "Zot"!
The red draconian hits you but does no damage.
Something hits you but does no damage.
The red draconian monk barely misses you.
The red draconian monk completely misses you.
The red draconian monk tail-slaps you.
* * * LOW HITPOINT WARNING * * *
The yellow draconian throws acid at you.
The glob of acid hits something.
The acid corrodes something!
The acid splashes onto something!
The acid splashes onto the red draconian monk!
The red draconian monk is splashed with acid.
The acid corrodes the red draconian monk!
The Orb Guardian hits you!!
You die...

..................
..................#
..................#
..................#
..................#
..................#
......^...q.d....#
.........§.qdX..##..
#......p.§d.@q.§.(..
▓▓.....##▓▓▓#▓▓▓▓▓▓▓
▓...... .......
....... .......
....... .......


You could see a Killer Klown, a red draconian monk, a black draconian, a yellow
draconian, a red draconian, a purple draconian shifter, a yellow draconian
stormcaller and an Orb Guardian.

Vanquished Creatures
  An orb of fire (Zot:4)
  3 ancient liches
  4 juggernauts
  Frederick (Depths:3)
  3 curse toes
  Nikola (Swamp:1)
  13 caustic shrikes
  2 bone dragons (Depths:5)
  7 golden dragons
  Arachne (Spider:2)
  9 tentacled monstrosities
  Rupert (D:13)
  5 liches
  5 titans
  A deep elf master archer (Elf:3)
  Asterion (Elf:3)
  3 deep elf blademasters
  4 quicksilver dragons
  An Executioner (Abyss:2)
  2 death cobs
  8 tengu reavers
  2 sphinxes
  Frances (D:12)
  Agnes (Elf:2)
  7 shadow dragons
  Kirke (D:15)
  12 storm dragons
  3 thorn hunters
  Donald (Elf:2)
  8 frost giants
  A draconian monk (Zot:4)
  15 fire giants
  7 deep elf sorcerers
  20 vault wardens
  3 ghost moths
  5 draconian knights
  3 draconian scorchers
  An iron dragon (Vaults:5)
  An orc warlord (Orc:1)
  Aizul (Elf:2)
  8 emperor scorpions (Spider:4)
  2 caustic shrike zombies (Depths:2)
  3 draconian shifters
  A ghoul (Vaults:4)
  7 deep elf elementalists
  Louise (Swamp:4)
  2 spriggan defenders
  A balrug (Abyss:2)
  13 ironheart preservers
  A draconian stormcaller (Zot:4)
  2 draconian annihilators (Zot:2)
  3 entropy weavers
  24 very ugly things
  25 stone giants
  5 green draconians
  8 white draconians
  3 vampire knights
  6 deep elf demonologists
  10 deep elf annihilators
  Nessos (Lair:5)
  5 dire elephants (Lair:6)
  6 purple draconians
  8 red draconians
  Azrael (D:13)
  11 spark wasps
  A black draconian (Zot:4)
  2 crystal guardians
  7 yellow draconians
  20 ettins
  5 deep elf death magi (Elf:3)
  2 merfolk impalers (Depths:3)
  22 yaktaur captains
  10 great orbs of eyes
  11 fire dragons
  2 deep elf high priests
  15 ice dragons
  9 rakshasas
  34 vault guards
  16 hydras
  3 ghost crabs
  4 spriggan air magi
  A catoblepas (D:15)
  An anaconda (Lair:6)
  12 ogre magi
  2 alligators
  20 centaur warriors
  30 dancing weapons
  2 vampire magi
  8 death scarabs (Spider:4)
  4 death knights
  2 orc high priests
  13 deep troll shamans
  7 death yaks
  2 hell hogs (Depths:3)
  36 two-headed ogres
  Urug (D:15)
  8 deep troll earth magi
  2 tengu warriors (Depths:1)
  9 spriggan berserkers
  25 hell knights
  A thrashing horror (Abyss:2)
  22 deep elf knights
  22 spriggans
  A titan skeleton (Depths:1)
  5 skeletal warriors
  A wretched star (Abyss:3)
  A shadow wraith (Vaults:3)
  2 spatial maelstroms
  5 iron trolls
  A fire crab (shapeshifter) (Vaults:5)
  35 deep trolls
  2 flayed ghosts
  5 glowing orange brains
  4 spriggan druids
  8 phantasmal warriors
  A spectral hydra (Swamp:4)
  2 shambling mangroves
  3 unseen horrors
  15 deep elf archers
  21 ironbrand convokers
  A sphinx zombie (Depths:3)
  Pikel (D:6)
  A swamp dragon (Swamp:4)
  8 orc sorcerers
  7 harpies (Vaults:2)
  A tengu zombie (Depths:2)
  2 spectral wolf spiders (Spider:4)
  21 orc knights
  4 wizards
  9 large abominations
  9 necromancers
  23 wolf spiders
  3 wolf spider zombies
  A manticore (shapeshifter) (D:15)
  A frost giant zombie (Vaults:2)
  21 orb spiders
  A salamander (shapeshifter) (D:15)
  A stone giant zombie (Vaults:4)
  8 cyclopes
  56 ugly things
  A moth of wrath (shapeshifter) (Depths:3)
  71 deep elf magi
  A spriggan zombie (Depths:3)
  A fire giant skeleton (Vaults:4)
  An elephant (shapeshifter) (Vaults:3)
  Maurice (D:12)
  20 vault sentinels
  5 manticores
  An elf zombie (Depths:3)
  12 moths of wrath
  12 elephants
  2 smoke demons (Abyss:2)
  6 black mambas
  A black mamba (shapeshifter) (Depths:5)
  2 torpor snails
  3 gargoyles
  19 spiny frogs
  A spiny frog (shapeshifter) (Depths:2)
  An orc skeleton (Vaults:2)
  3 spectral redbacks (Spider:4)
  13 freezing wraiths
  2 swamp worm zombies (Swamp:4)
  An elf skeleton (Depths:2)
  2 komodo dragons (shapeshifter)
  3 kobold demonologists
  3 rime drakes
  A hellwing (Abyss:2)
  4 redback zombies
  4 demonic crawlers
  2 red devils (Abyss:2)
  48 yaktaurs
  A human skeleton (Vaults:2)
  3 meliai (Spider:4)
  13 komodo dragons
  4 tengu conjurers
  2 trolls (shapeshifter)
  4 hydra zombies (Swamp:4)
  14 trolls
  A queen bee (shapeshifter) (Vaults:4)
  A queen bee (Spider:4)
  28 jumping spiders
  36 hornets
  6 spectral jumping spiders (Spider:4)
  2 wolf spider simulacra (D:14)
  4 spectral tarantellas (Spider:4)
  A polar bear (shapeshifter) (Depths:2)
  A polar bear (D:9)
  7 tyrant leeches
  3 alligator zombies (Swamp:4)
  11 bog bodies
  30 blink frogs
  10 hippogriffs
  5 spectral swamp dragons (Swamp:4)
  A frost giant simulacrum (Depths:2)
  A tarantella zombie (Spider:4)
  A raiju (Abyss:3)
  A stone giant simulacrum (Depths:1)
  14 dream sheep
  A jumping spider zombie (Spider:4)
  A raiju (shapeshifter) (D:15)
  42 slime creatures
  61 redbacks
  10 water elementals
  An ettin skeleton (Depths:1)
  Sigmund (D:2)
  10 air elementals
  2 vampires
  3 fire elementals
  7 shadows
  A ynoxinul (Abyss:3)
  8 hogs
  51 yaks
  Eustachio (D:4)
  34 tarantellas
  A basilisk (shapeshifter) (D:15)
  A human (D:12)
  3 chaos spawn (Abyss:3)
  A human simulacrum (Vaults:4)
  3 basilisks
  2 neqoxecs
  6 wyverns
  5 hungry ghosts
  25 vampire mosquitoes
  16 insubstantial wisps
  A soldier ant (D:11)
  19 swamp worms
  A spatial vortex (Abyss:2)
  A human zombie (Depths:3)
  8 wargs
  A harpy simulacrum (D:15)
  An acid dragon (D:13)
  3 small abominations (Abyss:2)
  12 porcupines
  A floating eye (shapeshifter) (Depths:1)
  11 hell hounds
  3 spectral hornets (Spider:4)
  14 water moccasins
  7 swamp drakes
  6 sky beasts
  9 phantoms
  A spriggan simulacrum (Depths:3)
  8 ice beasts
  56 orc warriors
  3 swamp dragon zombies (Swamp:4)
  3 eyes of draining
  A black bear (Lair:4)
  A necrophage (D:11)
  27 centaurs
  20 boggarts
  15 wolves
  41 ogres
  17 crocodiles
  3 big kobolds
  Blork the orc (D:5)
  20 bullfrogs
  5 earth elementals
  An ogre simulacrum (Vaults:1)
  6 scorpions
  A water moccasin skeleton (D:7)
  An orc simulacrum (Vaults:2)
  47 killer bees
  5 electric eels
  2 howler monkeys (D:12)
  10 crimson imps
  5 centaur zombies
  A quasit (Depths:3)
  2 bullfrog zombies
  7 hounds
  An iron imp (Abyss:2)
  A gnoll shaman (D:10)
  8 jellies
  31 orc wizards
  24 orc priests
  2 bullfrog skeletons
  5 iguanas
  7 centaur skeletons
  13 worker ants
  A spectral swamp drake (Swamp:4)
  2 hell rats (Lair:6)
  A bullfrog simulacrum (D:9)
  2 hound skeletons
  A howler monkey skeleton (D:8)
  8 adders
  8 gnolls
  A swamp drake zombie (Swamp:4)
  11 river rats (Lair:6)
  A shadow imp (D:15)
  2 white imps (D:9)
  An ooze (Lair:6)
  An adder skeleton (D:6)
  3 worms
  3 dart slugs
  A leopard gecko (D:4)
  140 orcs
  4 bats
  3 giant cockroaches
  17 goblins
  8 hobgoblins
  19 jackals
  2 quokkas
  3 ball pythons
  4 frilled lizards
  18 kobolds
  A quokka simulacrum (D:9)
  2 quokka skeletons
  6 rats
  A butterfly (Lair:4)
  2 plants
2536 creatures vanquished.

Vanquished Creatures (collateral kills)
  An orc knight (Orc:2)
  A hornet (Swamp:4)
  5 dream sheep (Lair:6)
  A spriggan (Swamp:4)
  An eye of draining (D:7)
  A killer bee (D:8)
  2 jellies (Lair:6)
  2 oozes (Lair:6)
14 creatures vanquished.

Vanquished Creatures (others)
  A deep elf master archer (Elf:3)
  A fire giant (Depths:2)
  A ghost moth (Zot:3)
  A war gargoyle (Vaults:5)
  2 ironheart preservers
  A deep troll shaman (Depths:5)
  A deep elf knight (Elf:2)
  A shadow wraith (Vaults:5)
  A wizard (Vaults:2)
  An orb spider (Spider:1)
  2 deep elf magi (Elf:2)
  A stone giant zombie (Vaults:2)
  A spiny frog (Swamp:4)
  2 jumping spiders (Spider:4)
  A water elemental (D:11)
  2 air elementals
  A hog (D:15)
  An orc warrior (Vaults:5)
  A boggart (Vaults:1)
  A centaur (Vaults:3)
  An ufetubus (Abyss:2)
  2 briar patches (Swamp:4)
  10 fungi
  A lurking horror (Abyss:2)
  26 plants
  15 starspawn tentacles (Abyss:2)
79 creatures vanquished.

Grand Total: 2629 creatures vanquished

Notes
Turn   | Place    | Note
-------+----------+-------------------------------------------
     0 | D:1      | westexas the Gargoyle Fighter began the quest for the Orb.
     0 | D:1      | Reached XP level 1. HP: 14/14 MP: 1/1
    89 | D:1      | Reached XP level 2. HP: 19/19 MP: 2/2
   711 | D:2      | Noticed Sigmund
   731 | D:2      | Killed Sigmund
   731 | D:2      | Reached skill level 4 in Fighting
   731 | D:2      | Reached XP level 3. HP: 10/24 MP: 3/3
   731 | D:2      | Reached XP level 4. HP: 13/29 MP: 4/4
   731 | D:2      | Reached XP level 5. HP: 15/33 MP: 5/5
   914 | D:3      | Found a shimmering altar of Xom.
  1515 | D:2      | Reached XP level 6. HP: 37/39 MP: 6/6
  2485 | D:3      | Found an ornate altar of the Wu Jian Council.
  2620 | D:5      | Entered Level 5 of the Dungeon
  2655 | D:4      | Reached skill level 1 in Dodging
  2719 | D:4      | Noticed Eustachio
  2740 | D:4      | Reached XP level 7. HP: 43/44 MP: 7/7
  2765 | D:4      | Killed Eustachio
  2765 | D:4      | Reached skill level 5 in Maces & Flails
  2765 | D:4      | Reached skill level 5 in Shields
  3242 | D:5      | Reached skill level 5 in Armour
  3384 | D:5      | Noticed Blork the orc
  3397 | D:5      | Killed Blork the orc
  3499 | D:5      | Reached XP level 8. HP: 48/48 MP: 8/8
  3688 | D:5      | Found a staircase to the Ecumenical Temple.
  3711 | Temple   | Entered the Ecumenical Temple
  3897 | Temple   | Became a worshipper of Warmaster Okawaru
  3984 | D:6      | Reached skill level 5 in Fighting
  4308 | D:6      | Noticed Pikel
  4345 | D:6      | Killed Pikel
  4345 | D:6      | Reached * piety under Okawaru
  4345 | D:6      | Reached ** piety under Okawaru
  4345 | D:6      | Reached XP level 9. HP: 37/54 MP: 9/9
  4695 | D:7      | Found Urchenar's General Store.
  4703 | D:7      | Bought a scroll of teleportation for 33 gold pieces
  4703 | D:7      | Bought a scroll of teleportation for 33 gold pieces
  5019 | D:7      | Reached *** piety under Okawaru
  5019 | D:7      | Reached skill level 6 in Fighting
  5062 | D:8      | Noticed a two-headed ogre
  5303 | D:7      | Killed a two-headed ogre
  5303 | D:7      | Reached XP level 10. HP: 50/61 MP: 2/10
  5929 | D:8      | Found a white marble altar of Elyvilon.
  6165 | D:9      | Reached **** piety under Okawaru
  6165 | D:9      | Reached skill level 7 in Fighting
  6341 | D:9      | Reached skill level 10 in Maces & Flails
  6498 | D:9      | Found a staircase to the Lair.
  6842 | Lair:1   | Entered Level 1 of the Lair of Beasts
  6895 | D:9      | Found a bloodstained altar of Trog.
  6913 | D:9      | Reached XP level 11. HP: 43/67 MP: 11/11
  7176 | D:9      | Found a burning altar of Makhleb.
  7282 | D:9      | Noticed a death yak
  7299 | D:9      | Killed a death yak
  7299 | D:9      | Reached ***** piety under Okawaru
  7384 | D:10     | Entered Level 10 of the Dungeon
  7386 | D:10     | Noticed an unseen horror
  7404 | D:10     | Killed an unseen horror
  7440 | D:10     | Received a gift from Okawaru
  7444 | D:10     | Reached skill level 8 in Fighting
  7456 | D:10     | Got a twisted great mace {god gift}
  7724 | D:10     | Found a shattered altar of Ashenzari.
  7730 | D:10     | Noticed a two-headed ogre
  7755 | D:10     | Killed a two-headed ogre
  7845 | D:10     | Identified the +6 great mace "Faguraej" {vamp, rF- MR+ Str+4} (Okawaru gifted it to you on level 10 of the Dungeon)
  8250 | D:10     | Noticed a two-headed ogre
  8265 | D:10     | Killed a two-headed ogre
  8699 | D:10     | Reached XP level 12. HP: 75/75 MP: 12/12
  8709 | D:10     | Reached skill level 9 in Fighting
  8714 | D:10     | Reached ****** piety under Okawaru
  8803 | D:10     | Found a staircase to the Orcish Mines.
  8873 | D:10     | Received a gift from Okawaru
  8874 | D:10     | Got a scorched ring mail {god gift}
  8885 | D:10     | Identified the +0 ring mail of Petzoc {Str+3} (Okawaru gifted it to you on level 10 of the Dungeon)
  8934 | D:11     | Noticed a centaur warrior
  8942 | D:11     | Killed a centaur warrior
  9099 | D:11     | Found a large runed door.
  9102 | D:11     | Found a large runed door.
 10334 | D:12     | Noticed Maurice
 10344 | D:12     | Killed Maurice
 10427 | D:12     | Noticed Frances
 10897 | Lair:1   | Reached skill level 1 in Stealth
 10905 | Lair:1   | Reached skill level 5 in Dodging
 11073 | Lair:1   | Reached skill level 10 in Fighting
 11261 | Lair:1   | Received a gift from Okawaru
 11262 | Lair:1   | Got a faintly humming chain mail {god gift}
 11273 | Lair:1   | Identified the +8 chain mail of the Doldrums {rPois rF+ rC+} (Okawaru gifted it to you on level 1 of the Lair of Beasts)
 11288 | Lair:1   | Reached XP level 13. HP: 82/82 MP: 13/13
 12883 | Lair:3   | Reached skill level 15 in Maces & Flails
 12978 | Lair:3   | Found a hole to the Spider Nest.
 13632 | Lair:4   | Received a gift from Okawaru
 13705 | Lair:4   | Reached skill level 11 in Fighting
 13766 | Lair:4   | Found a staircase to the Swamp.
 14636 | Lair:5   | Noticed Nessos
 14649 | Lair:5   | Killed Nessos
 14649 | Lair:5   | Reached skill level 1 in Evocations
 14776 | Lair:5   | Gained mutation: Your large and strong wings let you fly indefinitely. [Gargoyle growth]
 14776 | Lair:5   | Reached XP level 14. HP: 90/90 MP: 14/14
 15052 | Lair:5   | Noticed a fire giant
 15052 | Lair:5   | an eight-headed hydra changed into a fire giant
 15074 | Lair:5   | Killed a fire giant
 15078 | Lair:5   | Reached skill level 10 in Armour
 15457 | Lair:6   | Entered Level 6 of the Lair of Beasts
 15547 | Lair:5   | Received a gift from Okawaru
 15709 | Lair:6   | Got a heavily runed bronze ring
 15726 | Lair:6   | Reached skill level 12 in Fighting
 15746 | Lair:6   | Identified the ring of Abuesa Ydyu {Wiz rPois} (You found it on level 6 of the Lair of Beasts)
 16465 | Lair:6   | Found a staircase to the Slime Pits.
 16774 | Lair:6   | Received a gift from Okawaru
 17254 | Lair:6   | Noticed a dire elephant
 17254 | Lair:6   | Noticed a dire elephant
 17261 | Lair:6   | Noticed a dire elephant
 17261 | Lair:6   | Killed a dire elephant
 17274 | Lair:6   | Killed a dire elephant
 17284 | Lair:6   | Killed a dire elephant
 17436 | Lair:6   | Noticed a dire elephant
 17457 | Lair:6   | Killed a dire elephant
 17457 | Lair:6   | Reached XP level 15. HP: 97/97 MP: 16/16
 18009 | Orc:1    | Entered Level 1 of the Orcish Mines
 18044 | Orc:1    | Found a roughly hewn altar of Beogh.
 18447 | Orc:2    | Entered Level 2 of the Orcish Mines
 18795 | Orc:2    | Noticed an orc warlord
 19139 | D:12     | Reached skill level 1 in Crossbows
 19191 | D:12     | Killed Frances
 19191 | D:12     | Received a gift from Okawaru
 19497 | Orc:1    | Killed an orc warlord
 19551 | Orc:2    | Found a staircase to the Elven Halls.
 19637 | Orc:2    | Found Beoxuruc's Distillery.
 19637 | Orc:2    | Found Isit Nubbo's Gadget Boutique.
 19637 | Orc:2    | Found Qoweten's Weapon Shop.
 19656 | Orc:2    | Found Jyrhur's Distillery.
 19821 | Orc:2    | Reached skill level 13 in Fighting
 20308 | Elf:1    | Entered Level 1 of the Elven Halls
 20353 | Elf:1    | Noticed an Executioner
 20667 | Elf:1    | Received a gift from Okawaru
 20745 | Elf:1    | Reached skill level 5 in Crossbows
 20833 | Elf:1    | Reached XP level 16. HP: 104/104 MP: 17/17
 20845 | Elf:1    | Received a gift from Okawaru
 20846 | Elf:1    | Got a bone eveningstar {god gift}
 20847 | Elf:1    | Identified the +6 eveningstar of Owne {freeze, -Tele MR++ MP+9 Stlth+} (Okawaru gifted it to you on level 1 of the Elven Halls)
 20962 | Elf:1    | Identified the Grimoire of the Entourage
 21241 | Elf:2    | Noticed Aizul
 21262 | Elf:2    | Noticed Agnes
 21268 | Elf:2    | Killed Aizul
 21275 | Elf:2    | Killed Agnes
 21446 | Elf:1    | Reached skill level 1 in Invocations
 21522 | Elf:1    | Received a gift from Okawaru
 21708 | Elf:2    | Found a large runed door.
 21708 | Elf:2    | Found a large runed door.
 21734 | Elf:2    | Found a large runed door.
 21734 | Elf:2    | Found a large runed door.
 21823 | Elf:2    | Reached skill level 1 in Throwing
 21959 | Elf:2    | Noticed Donald
 21966 | Elf:2    | Killed Donald
 22118 | Elf:2    | Reached skill level 14 in Fighting
 22635 | Elf:2    | Noticed a deep elf blademaster
 22651 | Elf:2    | Killed a deep elf blademaster
 22652 | Elf:2    | Received a gift from Okawaru
 22677 | Elf:2    | Got a twisted robe {god gift}
 22988 | Elf:3    | Entered Level 3 of the Elven Halls
 23137 | Elf:3    | Reached XP level 17. HP: 107/112 MP: 18/18
 23210 | Elf:3    | Noticed Asterion
 23230 | Elf:3    | Killed Asterion
 23230 | Elf:3    | Reached skill level 10 in Crossbows
 23579 | Elf:3    | Noticed a deep elf master archer
 23582 | Elf:3    | Noticed a deep elf master archer
 23583 | Elf:3    | Noticed a deep elf blademaster
 23769 | Elf:3    | Received a gift from Okawaru
 24163 | Elf:3    | Killed a deep elf blademaster
 24723 | Elf:3    | Noticed a deep elf blademaster
 24737 | Elf:3    | Noticed a Brimstone Fiend
 24744 | Elf:3    | Noticed a Brimstone Fiend
 24752 | Elf:3    | Killed a deep elf blademaster
 24777 | Elf:3    | Cast into level 2 of the Abyss (a deep elf demonologist)
 24922 | Abyss:2  | Received a gift from Okawaru
 24922 | Abyss:2  | Reached skill level 15 in Fighting
 25026 | Abyss:2  | Noticed an Executioner
 25042 | Abyss:2  | Killed an Executioner
 25109 | Abyss:2  | Received a gift from Okawaru
 25169 | Abyss:2  | Noticed a tentacled starspawn
 25194 | Abyss:2  | Noticed a tentacled starspawn
 25198 | Abyss:2  | Noticed a lich
 25406 | Abyss:3  | Gained mutation: You tend to lose your temper in combat. [a neqoxec]
 25447 | Abyss:3  | Reached XP level 18. HP: 119/119 MP: 19/19
 25462 | Abyss:3  | Noticed a Tzitzimitl
 25496 | Elf:3    | Escaped the Abyss
 25503 | Elf:3    | Noticed a Brimstone Fiend
 26014 | D:13     | Found a portal to a secret trove of treasure.
 26047 | D:13     | Found a stormy altar of Qazlal.
 26301 | D:13     | Noticed Azrael
 26314 | D:13     | Killed Azrael
 26458 | D:13     | Noticed Rupert
 26469 | D:13     | Killed Rupert
 26469 | D:13     | Received a gift from Okawaru
 27141 | Spider:1 | Entered Level 1 of the Spider Nest
 27585 | Swamp:1  | Entered Level 1 of the Swamp
 27748 | Swamp:1  | Noticed Nikola
 27762 | Swamp:1  | Killed Nikola
 27964 | Swamp:1  | Received a gift from Okawaru
 28833 | Swamp:2  | Identified the Collected Works on Unstable Ice
 29231 | Swamp:3  | Reached skill level 16 in Fighting
 30243 | Swamp:4  | Entered Level 4 of the Swamp
 30355 | Swamp:4  | Received a gift from Okawaru
 30359 | Swamp:4  | Got a heavily runed scarf {god gift}
 30370 | Swamp:4  | Identified the scarf "Riapriaj" {rPois Dex+6} (Okawaru gifted it to you on level 4 of the Swamp)
 30457 | Swamp:4  | Reached XP level 19. HP: 125/125 MP: 21/22
 31284 | Swamp:4  | Noticed Louise
 31296 | Swamp:4  | Killed Louise
 31597 | Swamp:4  | Got a decaying rune of Zot
 32204 | Elf:3    | Got a polished chain mail {god gift}
 32215 | Elf:3    | Identified the +5 chain mail of the Arcane {rC- MR+ Slay+2} (Okawaru gifted it to you on level 3 of the Elven Halls)
 32349 | Elf:3    | Reached skill level 5 in Evocations
 32404 | Elf:3    | Noticed a Tzitzimitl
 32847 | Elf:3    | Got a transparent tin ring
 32848 | Elf:3    | Got a steaming morningstar {vamp}
 32855 | Elf:3    | Identified the ring "Conulela" {+Fly Str-3 Int+3 Dex+4} (You took it off a deep elf sorcerer on level 3 of the Elven Halls)
 33546 | Elf:3    | Identified the Catalogue of Venom and Aid
 33636 | Elf:3    | Got a steaming scale mail
 33647 | Elf:3    | Identified the +4 scale mail "Koixt" {Int+4} (You found it on level 3 of the Elven Halls)
 34052 | Spider:1 | Received a gift from Okawaru
 34053 | Spider:1 | Got a distressingly furry shield {god gift}
 34093 | Spider:1 | Reached skill level 10 in Shields
 34190 | Spider:1 | Identified the +3 shield "Nausung" {+Inv rF+ Slay+3} (Okawaru gifted it to you on level 1 of the Spider Nest)
 34532 | Spider:2 | Noticed Arachne
 34577 | Spider:2 | Killed Arachne
 34935 | Spider:2 | Reached skill level 17 in Fighting
 35593 | Spider:3 | Noticed Mara
 35600 | Spider:3 | Noticed westexas's illusion
 35777 | Spider:4 | Entered Level 4 of the Spider Nest
 36054 | Spider:3 | Reached XP level 20. HP: 115/134 MP: 25/25
 36756 | Spider:4 | Received a gift from Okawaru
 37538 | Spider:4 | Got a gossamer rune of Zot
 37635 | Spider:4 | Got a faintly glowing broad axe
 37636 | Spider:4 | Identified the +4 broad axe of Brutal Revenge {flame, +Inv Str+6 Dex+3} (You found it on level 4 of the Spider Nest)
 38365 | D:14     | Received a gift from Okawaru
 38560 | D:13     | Received a gift from Okawaru
 38740 | D:14     | Found a gate to the Vaults.
 38769 | D:14     | Received a gift from Okawaru
 39633 | D:15     | Entered Level 15 of the Dungeon
 39664 | D:15     | Reached skill level 18 in Fighting
 39755 | D:15     | Received a gift from Okawaru
 39780 | D:15     | Got a pitted morningstar {god gift}
 39781 | D:15     | Identified the +3 morningstar "Wawe" {crush, +Fly MP+9} (Okawaru gifted it to you on level 15 of the Dungeon)
 39787 | D:15     | Found a sacrificial altar of Ru.
 39787 | D:15     | Found a shattered altar of Ashenzari.
 39788 | D:15     | Found a basalt altar of Yredelemnul.
 40038 | D:15     | Reached XP level 21. HP: 141/141 MP: 26/27
 40327 | D:15     | Noticed Kirke
 40345 | D:15     | Killed Kirke
 40372 | D:15     | Noticed Urug
 40380 | D:15     | Killed Urug
 40620 | D:15     | Identified Naqeq's Compendium of Heat
 40645 | D:15     | Identified Ohorur's Reference Book on Enhancements
 40651 | D:15     | Identified the Guide on Creative Confrontation
 40778 | D:15     | Received a gift from Okawaru
 40986 | D:15     | Received a gift from Okawaru
 41007 | D:15     | Found a staircase to the Depths.
 41381 | Vaults:1 | Entered Level 1 of the Vaults
 42105 | Vaults:1 | Reached skill level 1 in Axes
 42109 | Vaults:1 | Received a gift from Okawaru
 42278 | Vaults:1 | Got a glittering marble ring
 42284 | Vaults:1 | Identified the ring "Vaitaov" {rPois rF+ rC+ Slay-3 SInv} (You found it on level 1 of the Vaults)
 42582 | Vaults:1 | Received a gift from Okawaru
 42808 | Vaults:1 | Received a gift from Okawaru
 43459 | Vaults:1 | Reached skill level 5 in Axes
 43689 | Vaults:2 | Received a gift from Okawaru
 43689 | Vaults:2 | Reached XP level 22. HP: 148/148 MP: 28/28
 44270 | Vaults:2 | Received a gift from Okawaru
 44288 | Vaults:2 | Got a translucent triple crossbow {god gift}
 44294 | Vaults:2 | Identified the +9 triple crossbow of Decs {penet, rC+} (Okawaru gifted it to you on level 2 of the Vaults)
 44336 | Vaults:2 | Found a staircase to the Crypt.
 44336 | Vaults:2 | Found a basalt altar of Yredelemnul.
 44337 | Vaults:2 | Found an ancient bone altar of Kikubaaqudgha.
 45124 | Vaults:3 | Got a sparkling tin ring
 45126 | Vaults:3 | Identified the ring "Quiqisme" {Ice rN+ MP+9 Str+2 SInv Stlth+} (You found it on level 3 of the Vaults)
 45141 | Vaults:3 | Identified a scroll of acquirement
 45184 | Vaults:3 | Received a gift from Okawaru
 45440 | Vaults:3 | Identified the Almanac of Flying Protection
 45641 | Vaults:3 | Received a gift from Okawaru
 45645 | Vaults:3 | Reached skill level 19 in Fighting
 45647 | Vaults:3 | Got a scorched morningstar {god gift}
 45648 | Vaults:3 | Identified the +2 morningstar "Vun Zothre" {flame, Int+5} (Okawaru gifted it to you on level 3 of the Vaults)
 45751 | Vaults:3 | Noticed Saint Roka
 45795 | Vaults:3 | Noticed Saint Roka
 45795 | Vaults:3 | Saint Roka changed into Saint Roka the golden dragon
 46458 | Vaults:3 | Killed Saint Roka the golden dragon
 46574 | Vaults:5 | Entered Level 5 of the Vaults
 46763 | Vaults:4 | Received a gift from Okawaru
 46765 | Vaults:4 | Got a translucent hat {god gift}
 46776 | Vaults:4 | Identified the +2 hat of the Loofah {-Tele rElec Str+5 SInv} (Okawaru gifted it to you on level 4 of the Vaults)
 46788 | Vaults:5 | Noticed a golden dragon
 46798 | Vaults:4 | Reached skill level 10 in Axes
 46832 | Vaults:4 | Reached XP level 23. HP: 124/155 MP: 25/29
 46842 | Vaults:4 | Killed a golden dragon
 47490 | Vaults:4 | Found Loadghede's General Store.
 47607 | Vaults:4 | Identified the Collected Works on Intoxication and the Entourage
 47711 | Vaults:4 | Reached skill level 15 in Crossbows
 47759 | Vaults:4 | Reached skill level 15 in Shields
 47979 | Vaults:4 | Received a gift from Okawaru
 48431 | Vaults:5 | Noticed an ancient lich
 48654 | Vaults:5 | Killed an ancient lich
 48654 | Vaults:5 | Received a gift from Okawaru
 48654 | Vaults:5 | Reached skill level 5 in Invocations
 48655 | Vaults:5 | Got a jewelled battleaxe {god gift}
 49181 | Vaults:5 | Noticed an ancient lich
 49201 | Vaults:4 | Killed an ancient lich
 49201 | Vaults:4 | Reached XP level 24. HP: 115/162 MP: 25/29
 49633 | Vaults:4 | Received a gift from Okawaru
 49764 | Vaults:4 | Reached skill level 20 in Fighting
 50074 | Vaults:5 | Noticed an ancient lich
 50106 | Vaults:5 | Paralysed by an ancient lich for 5 turns
 51057 | Vaults:4 | Got a twitching copper ring
 51059 | Vaults:4 | Identified the ring "Kajusixt" {*Tele Int+5 Dex+4} (You took it off an ironheart preserver on level 4 of the Vaults)
 51808 | Depths:1 | Entered Level 1 of the Depths
 51913 | Depths:1 | Found a gateway to Hell.
 51999 | Depths:1 | Found a sparkling altar of Nemelex Xobeh.
 52195 | Depths:1 | Received a gift from Okawaru
 52304 | Depths:1 | Found a corrupted altar of Lugonu.
 52308 | Depths:1 | Found a one-way gate to the infinite horrors of the Abyss.
 53056 | Depths:2 | Reached XP level 25. HP: 169/169 MP: 29/29
 53391 | Depths:2 | Reached skill level 15 in Axes
 53534 | Depths:2 | Received a gift from Okawaru
 53537 | Depths:2 | Reached skill level 21 in Fighting
 53949 | Depths:2 | Found a gateway to a ziggurat.
 54193 | Depths:1 | Got an ichor-stained chain mail
 54204 | Depths:1 | Identified the +6 chain mail of Analysis {rC+ Dex+3} (You found it on level 1 of the Depths)
 54305 | Depths:2 | Received a gift from Okawaru
 54347 | Depths:2 | Noticed a juggernaut
 54369 | Depths:2 | Killed a juggernaut
 54885 | Depths:2 | Reached XP level 26. HP: 175/177 MP: 29/29
 55099 | Depths:2 | Reached skill level 15 in Armour
 55188 | Depths:2 | Received a gift from Okawaru
 55205 | Depths:2 | Received a gift from Okawaru
 55916 | Depths:3 | Found a one-way gate leading to the halls of Pandemonium.
 56016 | Depths:3 | Noticed Frederick
 56043 | Depths:3 | Killed Frederick
 56242 | Depths:3 | Reached skill level 22 in Fighting
 56302 | Depths:3 | Noticed a juggernaut
 56316 | Depths:3 | Killed a juggernaut
 56548 | Depths:3 | Identified the Disquisition on Damaging Snow
 56549 | Depths:3 | Identified the Reference Book on the Oath
 57458 | Vaults:5 | Got a scintillating platinum ring
 57487 | Vaults:5 | Identified the ring "Quvoluz" {rN+ Int+5} (You took it off a deep elf mage on level 5 of the Vaults)
 57507 | Vaults:5 | Received a gift from Okawaru
 57555 | Vaults:5 | Paralysed by an ancient lich for 2 turns
 57567 | Vaults:5 | Received a gift from Okawaru
 57572 | Vaults:5 | Killed an ancient lich
 57712 | Vaults:5 | Got a transparent battleaxe {flame}
 57904 | Vaults:5 | Got a silver rune of Zot
 57934 | Vaults:5 | Received a gift from Okawaru
 57934 | Vaults:5 | Reached XP level 27. HP: 185/185 MP: 29/29
 57952 | Vaults:5 | Identified a +0 pair of boots of running (You found it on level 5 of the Vaults)
 57954 | Vaults:5 | Identified the Disquisition on Confrontation and Heat
 57974 | Vaults:5 | Identified the Volume of Toxic Attacks
 58106 | Vaults:5 | Got a heavily runed buckler
 58112 | Vaults:5 | Identified the +0 buckler of Tomorrow {MR+++ MP-9 Int+6} (You found it on level 5 of the Vaults)
 59211 | Depths:4 | Noticed a juggernaut
 59223 | Depths:4 | Killed a juggernaut
 59270 | Depths:4 | Got a warped helmet
 59276 | Depths:4 | Identified the +1 helmet of the Twelve Places {Int+3 Dex+4} (You found it on level 4 of the Depths)
 59707 | Depths:5 | Entered Level 5 of the Depths
 59787 | Depths:5 | Noticed a juggernaut
 59803 | Depths:5 | Killed a juggernaut
 60727 | Depths:5 | Received a gift from Okawaru
 60817 | Depths:5 | Received a gift from Okawaru
 60931 | Depths:5 | Found a runed door.
 60954 | Depths:5 | Found a runed door.
 60962 | Depths:5 | Found a runed door.
 61033 | Depths:5 | Received a gift from Okawaru
 61131 | Depths:5 | Found a runed door.
 61131 | Depths:5 | Found a runed door.
 61148 | Depths:5 | Reached skill level 23 in Fighting
 61198 | Depths:5 | Found a runed door.
 61285 | Depths:5 | Found a gate to the Realm of Zot.
 61305 | Depths:5 | Received a gift from Okawaru
 61402 | Zot:1    | Entered Level 1 of the Realm of Zot
 62362 | Zot:3    | Received a gift from Okawaru
 62750 | Zot:4    | Gained mutation: You are partially covered in molten scales. (AC +2) [mutagenic glow]
 62809 | Zot:4    | Noticed an orb of fire
 62809 | Zot:4    | Gained mutation: Scrolls take you a little longer to read. [an orb of fire]
 62822 | Zot:4    | Killed an orb of fire
 62919 | Zot:4    | Received a gift from Okawaru
 63088 | Zot:5    | Entered Level 5 of the Realm of Zot
 63443 | Zot:4    | Received a gift from Okawaru
 63822 | Zot:5    | Noticed an ancient lich
 63823 | Zot:5    | Noticed an orb of fire
 63823 | Zot:5    | Noticed an orb of fire
 63823 | Zot:5    | Noticed an orb of fire
 63862 | Zot:5    | HP: 8/203 [ancient lich/crystal spear (33)]
 63878 | Zot:5    | HP: 10/203 [yellow draconian stormcaller/rapier (6)]
 63880 | Zot:5    | Slain by an Orb Guardian

Vault maps used:
D:1:      tarquinn_simple_flora_water_f
D:2:      kennysheep_the_goblin_king, uniq_sigmund
D:3:      lemuel_coloured_pillars_altar, nicolae_overflow_hidden_temple,
          first_bread
D:4:      uniq_eustachio
D:5:      temple_green, uniq_blork_the_orc
D:6:      uniq_pikel
D:7:      serial_shops, shop
D:8:      elyvilon_altar_5
D:9:      lightli_temple_of_fire, lair_entry_dummy, serial_ice, serial_ice_o,
          serial_ice_e, serial_ice_j, serial_ice_a, serial_ice_d, serial_ice_f,
          serial_ice_g, serial_ice_c, trog_book
D:10:     erik_orc_4, basic_altar
D:11:     lightli_elemental_guards
D:12:     grunt_livestock, uniq_frances, uniq_maurice
D:13:     nicolae_trove_entry_crystal, grunt_qazlal_clouds, uniq_rupert,
          uniq_azrael
D:14:     lightli_vaults_fourway_checkpoint
D:15:     hangedman_slaughterboxes, uniq_kirke, uniq_urug
Temple:   eino_narrow_crystal_temple
Lair:1:   serial_bayou_pond_e
Lair:2:   lemuel_fruit_fields
Lair:3:   spider_nest_entry_a, grunt_megastairs_2
Lair:4:   minmay_swamp_entry_reptiles, lemuel_fruit_fields, grunt_megastairs_3,
          infiniplex_staircase_pool_2, lemuel_fruit_fields,
          minmay_lair_oklob_chamber
Lair:5:   grunt_megastairs_4, lemuel_fruit_fields, uniq_nessos
Lair:6:   due_jungle_book, nicolae_slime_entry_slimehenge, kennysheep_rathole,
          infiniplex_staircase_pool, serial_bayou_shore_a
Swamp:1:  nicolae_swamp_dense_foliage, uniq_nikola
Swamp:2:  evilmike_swamp_ruin_house_5
Swamp:3:  evilmike_swamp_ruin_house_3, swamp_pool3
Swamp:4:  swamp_pestilence, uniq_louise
Spider:2: uniq_arachne
Spider:3: uniq_mara
Spider:4: floodkiller_spider_rune_tomb, special_room
Orc:1:    basic_altar
Orc:2:    st_orc_rangers
Elf:1:    minmay_elf_demonology, minivault_14, billiards_dpeg
Elf:2:    serial_shops, freezing_bzr, uniq_aizul, uniq_agnes, uniq_donald
Elf:3:    grunt_elf_hall_asides, hex_tiny, uniq_asterion
Vaults:1: nicolae_vaults_network_quinsquares, v_rooms_6, hangedman_vaults_locks,
          vaults_room_boxed, v_rooms_4, v_misc_26,
          ontoclasm_vaults_loading_screen, ontoclasm_vaults_pinch,
          nicolae_vaults_specimen_jars
Vaults:2: minmay_crypt_entry_necro_gods, nicolae_vaults_mini_display_case,
          nicolae_vaults_ring_of_whatevers, v_misc_16, vaults_dpeg_encased_lava,
          grunt_vaults_diagonal, v_pattern_2, v_misc_4, dpeg_vaults_monster_box,
          nicolae_vaults_sealed_display, nicolae_vaults_stairing_the_circle,
          nicolae_vaults_little_squares_4
Vaults:3: nicolae_vaults_yaktaur_gun_rack, nicolae_vaults_triangles,
          st_octagons_2, nicolae_vaults_alarming, vaults_mumra_hex,
          vaults_room_pool, vaults_room_door_ring, hangedman_vaults_trim,
          hangedman_vaults_stagger, vaults_room_semicircle, uniq_saint_roka
Vaults:4: nicolae_vaults_big_ls, v_alt_pattern_1, v_misc_16,
          hangedman_vaults_pinch, vaults_room_door_hall,
          nicolae_vaults_hallways_thing, v_alt_pattern_2, vaults_room_door_ring,
          vaults_dpeg_ring, serial_shops, nicolae_shop_trees
Depths:1: hangedman_decor_cross_pass, hell_entry, abyss_entry_flame_altar,
          nemelex_xobeh_ov_fountains_minmay
Depths:2: grunt_twisty_corner, enter_ziggurat_c, serial_bayou_pond_c,
          hell_entry, lightli_enter_wizlab_magi_temple, wad_dig_loot
Depths:3: cheibrodos_lost_city_excavation, hangedman_decor_riveting,
          grunt_hell_horde, grunt_pan_entry_spiral,
          minmay_staircase_windowed_small, uniq_frederick
Depths:4: minmay_two_paths, solitary_fountain, grunt_hell_entry_dis_grunt,
          abyss_entry_glasseish, infiniplex_staircase_zigzag_4,
          serial_bayou_shore_b
Depths:5: evilmike_zot_entry_castle, abyss_entry, hell_entry
Zot:3:    kennysheep_room_grid, lemuel_baited_zot_trap, lemuel_elevator
Abyss:3:  hangedman_abyss_or_decor_stagger,
          evilmike_abyss_rune_elephants_shrine, evilmike_abyss_exit_chaos

Skill      XL: |  1  2  3  4  5  6  7  8  9 10 11 12 13 14 15 16 17 18 19 20 21 22 23 24 25 26 27 |
---------------+----------------------------------------------------------------------------------+-----
Fighting       | 4 5 6 7 8 10 11 12 13 14 15 16 17 18 19 20 21 22 23 | 23.6
Maces & Flails | 3 4 5 7 9 10 12 14 15 17 18 19 20 | 20.9
Armour         | 4 5 6 7 8 9 10 11 12 13 14 15 | 15.7
Shields        | 4 5 6 8 9 10 12 13 14 15 16 17 18 20 | 20.1
Dodging        | 1 2 3 5 6 7 8 9 |  9.6
Stealth        | 1 2 3 4 |  4.8
Evocations     | 1 2 4 6 8 |  8.9
Crossbows      | 5 9 12 13 14 15 16 | 16.4
Invocations    | 1 2 3 4 5 6 8 |  8.0
Throwing       | 1 |  1.5
Axes           | 6 10 12 14 16 17 18 | 18.8

Action                   |  1- 3 |  4- 6 |  7- 9 | 10-12 | 13-15 | 16-18 | 19-21 | 22-24 | 25-27 || total
-------------------------+-------+-------+-------+-------+-------+-------+-------+-------+-------++-------
Melee: Flail             |    64 |   130 |       |       |       |       |       |       |       ||   194
       Morningstar       |       |   125 |   400 |   509 |       |       |   573 |    68 |       ||  1675
       Great mace        |       |       |       |   382 |  1242 |     7 |       |       |       ||  1631
       Eveningstar       |       |       |       |       |       |  1099 |   966 |   133 |   235 ||  2433
       Dire flail        |       |       |       |       |       |    15 |       |       |       ||    15
       Broad axe         |       |       |       |       |       |    16 |   205 |  1031 |  1406 ||  2658
 Fire: Arbalest          |       |       |       |       |    19 |   693 |    98 |       |       ||   810
       Hand crossbow     |       |       |       |       |       |       |   800 |   442 |   681 ||  1923
       Triple crossbow   |       |       |       |       |       |       |       |     6 |       ||     6
Throw: Javelin           |       |       |       |       |    20 |    10 |     7 |       |       ||    37
Invok: Heroism           |       |       |       |     2 |       |       |       |       |       ||     2
       Finesse           |       |       |       |       |     1 |     7 |    18 |    13 |    19 ||    58
 Abil: Fly               |       |       |       |       |     4 |     2 |       |     1 |     3 ||    10
       Stop Flying       |       |       |       |       |     4 |     1 |       |     1 |     3 ||     9
       Evoke Invisibilit |       |       |       |       |       |       |     8 |     1 |     8 ||    17
Evoke: Wand              |       |       |     2 |     1 |     8 |     4 |    11 |    11 |     4 ||    41
       Lamp of fire      |       |       |       |       |     1 |     3 |     1 |     1 |     1 ||     7
       Sack of spiders   |       |       |       |       |       |       |       |       |     2 ||     2
  Use: Scroll            |       |       |     1 |    18 |    21 |    19 |    15 |    11 |     5 ||    90
       Potion            |       |       |       |       |     3 |    14 |     8 |    17 |    11 ||    53
 Stab: Invisible         |       |       |       |       |       |       |     6 |     3 |     5 ||    14
       Distracted        |       |       |       |       |       |       |       |     1 |     1 ||     2
       Confused          |       |       |       |       |       |       |       |     2 |       ||     2
  Eat: Chunk             |       |     6 |    11 |    15 |    30 |    21 |    27 |    22 |    27 ||   159
       Bread ration      |       |       |     1 |     1 |       |       |     2 |       |     2 ||     6
       Fruit             |       |       |       |     7 |     8 |     9 |    13 |     8 |     1 ||    46
       Royal jelly       |       |       |       |     1 |       |     2 |       |     1 |     1 ||     5
Armor: Scale mail        |    36 |   150 |    73 |       |       |       |       |       |       ||   259
       Chain mail        |       |       |   166 |   433 |   821 |  1131 |   746 |   548 |   596 ||  4441
       Ring mail         |       |       |       |   109 |       |       |       |       |       ||   109
Dodge: Dodged            |    15 |    65 |   161 |   770 |  1056 |  1172 |  1093 |   749 |   847 ||  5928
       Deflected         |       |       |       |       |     3 |       |       |       |       ||     3
Block: Shield            |    24 |   130 |   239 |   337 |       |       |  1330 |  1117 |  1322 ||  4499
       Reflection        |       |       |       |       |       |       |     6 |       |       ||     6
